 Dungeon Sprint DCSS version 0.18-a0-1354-gbc5753f (webtiles) character file.

87 Kidiri the Sneak (level 4, -4/21 (23) HPs)
             Began as a Spriggan Enchanter on Feb 19, 2016.
             Slain by a necrophage (6 damage)
             ... in the Dungeon (Sprint II: "The Violet Keep of Menkaure").
             The game lasted 00:00:26 (21 turns).

Kidiri the Sneak (Spriggan Enchanter)                 Turns: 21, Time: 00:00:27

HP:   -4/21 (23)    AC:  3    Str:  4    XL:     4   Next: 28%
MP:   8/12          EV: 21    Int: 16    God:
Gold: 0             SH:  0    Dex: 17    Spells: 1 memorised, 12 levels left

rFire  . . .     SeeInvis +     a - +1 dagger
rCold  . . .     Gourm    .     b - +1 robe
rNeg   . . .     Faith    .     (shield restricted)
rPois  .         Spirit   .     (helmet restricted)
rElec  .         Dismiss  .     (no cloak)
rCorr  .         Reflect  .     (gloves unavailable)
SustAt .         Harm     .     (boots unavailable)
MR     .....     NoTele   +     (no amulet)
Stlth  ++++......               (no ring)
                                (no ring)

@: exhausted, slowed, quick, not resistant to hostile enchantments, stealthy
A: unfitting armour, see invisible, herbivore 3, speed 3, slow metabolism 2
a: no special abilities


You were in the Dungeon.
You were not hungry.

You visited 1 branch

Inventory:

Hand Weapons
 a - a +1 dagger (weapon)
Armour
 b - a +1 robe (worn)
Scrolls
 j - a scroll of blinking
Potions
 e - a potion of curing
 f - a potion of heal wounds
 g - a potion of haste
 h - 2 potions of magic
Books
 c - a book of Maledictions

   Spells                             Type                      Level
   a - Corona                         Hexes                        1
   b - Ensorcelled Hibernation        Hexes/Ice                    2
   c - Confuse                        Hexes                        3
   d - Tukima's Dance                 Hexes                        3
   e - Dazzling Spray                 Conjuration/Hexes            3
Comestibles
 d - a bread ration


   Skills:
 + Level 1.7 Fighting
 * Level 4.0 Short Blades
 + Level 1.6 Armour
 * Level 5.9 Dodging
 * Level 6.9 Stealth
 * Level 5.0 Spellcasting
 + Level 4.8 Hexes


You had 12 spell levels left.
You knew the following spells:

 Your Spells              Type           Power        Failure   Level  Hunger
a - Corona                Hex            ###....      1%          1    None


Dungeon Overview and Level Annotations

Branches:
Dungeon (1/1)

Altars:


Innate Abilities, Weirdness & Mutations

You are tiny and cannot use many weapons and most armour.
You have supernaturally acute eyesight.
You are an herbivore.
You cover ground extremely quickly.
You need consume almost no food.


Message History

The necrophage is heavily damaged.
You are no longer berserk.
You are exhausted.
You feel yourself slow down.
The necrophage completely misses you. x2
You hit the necrophage.
The necrophage is severely damaged.
The necrophage barely misses you. The necrophage hits you.
You barely miss the necrophage.
The necrophage is heavily damaged.
The necrophage completely misses you. The necrophage closely misses you.
You hit the necrophage but do no damage.
The necrophage is heavily damaged.
The necrophage closely misses you. The necrophage hits you.
Your flesh rots away! x2
You hit the necrophage.
The necrophage is severely damaged.
The necrophage hits you!
* * * LOW HITPOINT WARNING * * *
Your flesh rots away! x2; The necrophage hits you.
You die... ## ## .# #. ## H#H

##.# #+#
#.nn##.##
#@.<.+
#..n##.##
##.# #+#
##


You could see 3 necrophages.

Vanquished Creatures
  A necrophage (D)
1 creature vanquished.

Vanquished Creatures (others)
  A crocodile (D)
1 creature vanquished.

Grand Total: 2 creatures vanquished

Notes
Turn   | Place    | Note
--------------------------------------------------------------
     0 | D        | Kidiri the Spriggan Enchanter began the quest for the Orb.
     0 | D        | Reached XP level 1. HP: 9/9 MP: 5/5
     1 | D        | Noticed a hippogriff
     1 | D        | Noticed a hippogriff
     4 | D        | Noticed a necrophage
     4 | D        | Noticed a necrophage
     4 | D        | Noticed a necrophage
     4 | D        | Noticed a necrophage
    12 | D        | Killed a necrophage
    12 | D        | Reached skill level 1 in Fighting
    12 | D        | Reached skill level 1 in Armour
    12 | D        | Reached skill level 5 in Dodging
    12 | D        | Reached skill level 6 in Stealth
    12 | D        | Reached skill level 5 in Spellcasting
    12 | D        | Reached XP level 2. HP: 15/15 MP: 6/9
    12 | D        | Reached XP level 3. HP: 18/18 MP: 6/10
    12 | D        | Reached XP level 4. HP: 23/23 MP: 7/12
    19 | D        | Killed a crocodile
    21 | D        | Slain by a necrophage

Vault maps used:
D:        the_violet_keep_of_menkaure

Action                   |  1- 3 |  4- 6 || total
-------------------------+-------+-------++-------
Melee: Dagger            |     5 |     6 ||    11
  Use: Potion            |     1 |       ||     1
